 Dungeon Crawl Stone Soup version 0.24.0-123-gd5b16e6ec5 (webtiles) character file.

Game seed: 1566516916520759805, levelgen mode: deterministic

1108 Gruesph the Cleaver (level 8, -3/73 HPs)
             Began as a Hill Orc Fighter on Feb 5, 2020.
             Was an Initiate of Okawaru.
             Slain by an orc warrior
             ... wielding a +0 hand axe
              (7 damage)
             ... on level 6 of the Dungeon.
             The game lasted 00:14:21 (5522 turns).

Gruesph the Cleaver (Hill Orc Fighter)              Turns: 5522, Time: 00:14:21

Health: -3/73      AC: 12    Str: 21    XL:     8   Next: 33%
Magic:  8/8        EV:  3    Int:  8    God:    Okawaru [......]
Gold:   209        SH:  9    Dex: 10    Spells: 7/7 levels left

rFire    . . .     SeeInvis .   a - +1 war axe
rCold    + . .     Gourm    .   b - +0 shield
rNeg     . . .     Faith    .   e - +0 plate armour
rPois    .         Spirit   .   (no helmet)
rElec    .         Reflect  .   (no cloak)
rCorr    +         Harm     .   j - +0 pair of gloves
MR       .....                  (no boots)
Stlth    ..........             (no amulet)
HPRegen  0.22/turn              o - ring of resist corrosion
MPRegen  0.11/turn              q - ring of protection from cold

@: no status effects
A: no striking features
a: Renounce Religion


You were on level 6 of the Dungeon.
You worshipped Okawaru.
Okawaru was noncommittal.
You were very hungry.

You visited 2 branches of the dungeon, and saw 7 of its levels.

You collected 209 gold pieces.

Inventory:

Hand Weapons
 a - a +1 war axe (weapon)
Missiles
 l - 47 poisoned darts (quivered)
Armour
 b - a +0 shield (worn)
 e - a +0 plate armour (worn)
 j - a +0 pair of gloves (worn)
Jewellery
 o - a ring of resist corrosion (left hand)
 q - a ring of protection from cold (right hand)
Wands
 v - a wand of polymorph (4)
Scrolls
 d - a scroll of torment {unknown}
 k - 4 scrolls of teleportation
 p - a scroll of enchant weapon
 r - a scroll of remove curse
Potions
 c - 2 potions of curing
 g - 2 potions of lignification
 h - 6 potions of heal wounds
 n - a potion of resistance {unknown}
 t - a potion of magic {unknown}
Comestibles
 f - 11 rations


   Skills:
 + Level 7.5 Fighting
 * Level 10.5 Axes
 - Level 3.2 Armour
 - Level 3.2 Shields


You had 7 spell levels left.
You didn't know any spells.
Your spell library contained the following spells:

 Spells                   Type           Power        Failure   Level  Hunger
 Magic Dart               Conj           #...         100%        1    ##.....
 Searing Ray              Conj           #.....       100%        2    ###....
 Dazzling Spray           Conj/Hex       #.....       100%        3    ####...
 Force Lance              Conj/Tloc      #.......     100%        4    #####..
 Fulminant Prism          Conj/Hex       #.........   100%        4    #####..
 Iskenderun's Mystic Bla  Conj           #.......     100%        4    #####..


Dungeon Overview and Level Annotations

Branches:
Dungeon (6/15)             Temple (1/1) D:5

Altars:
Ashenzari
Cheibriados
Dithmenos
Elyvilon
Fedhas
Gozag
Hepliaklqana
Kikubaaqudgha
Makhleb
Nemelex Xobeh
Okawaru
Qazlal
Ru
Sif Muna
Trog
Uskayaw
Vehumet
Wu Jian
Xom
Yredelemnul
Zin
The Shining One

Shops:
D:4 [


Message History

* * * LOW HITPOINT WARNING * * *
Your shield and plate armour prevent you from hitting the orc warrior.
The orc warrior is almost dead.
The orc warrior hits you with a +0 hand axe.
* * * LOW HITPOINT WARNING * * *
Your shield and plate armour prevent you from hitting the orc warrior.
The orc warrior is almost dead.
The orc warrior hits you with a +0 hand axe!
* * * LOW HITPOINT WARNING * * *
Your plate armour prevents you from hitting the orc warrior.
The orc warrior is almost dead.
The orc warrior hits you with a +0 hand axe!
* * * LOW HITPOINT WARNING * * *
You hit the orc warrior.
The orc warrior is almost dead.
The orc warrior hits you but does no damage.
You hit the orc warrior.
The orc warrior is almost dead.
The orc warrior hits you with a +0 hand axe!
You die...

. .. ...#### .$.....
...!...##############
..%...).............#
......o@...........<#
......))............#
...####.......<.....#
. #......########
#......# #......#
########


You could see an orc warrior.

Vanquished Creatures
  Edmund (D:4)
  Purgy (D:3)
  A phantom (D:4)
  2 ogres
  3 crimson imps (D:5)
  A quasit (D:5)
  2 hounds
  5 orc priests
  A worker ant (D:5)
  Ijyb (D:3)
  3 orc wizards
  An iguana (D:4)
  A hound skeleton (D:4)
  5 adders
  An ooze (D:1)
  2 worms
  2 dart slugs
  2 leopard geckos
  18 orcs
  A ball python (D:2)
  4 bats
  5 giant cockroaches
  4 goblins
  7 hobgoblins
  7 jackals (D:5)
  2 quokkas
  5 frilled lizards
  5 kobolds
  A leopard gecko skeleton (D:4)
  2 quokka skeletons (D:5)
  7 rats
103 creatures vanquished.

Notes
Turn   | Place    | Note
-------+----------+-------------------------------------------
     0 | D:1      | Gruesph the Hill Orc Fighter began the quest for the Orb.
     0 | D:1      | Reached XP level 1. HP: 19/19 MP: 1/1
    67 | D:1      | Reached skill level 3 in Axes
   294 | D:1      | Reached XP level 2. HP: 27/27 MP: 2/2
   514 | D:1      | Reached skill level 4 in Axes
   584 | D:1      | Reached XP level 3. HP: 33/33 MP: 3/3
  1167 | D:2      | Reached XP level 4. HP: 40/41 MP: 4/4
  1249 | D:2      | Reached skill level 5 in Axes
  2006 | D:3      | Found a white marble altar of Elyvilon.
  2114 | D:3      | Reached XP level 5. HP: 44/47 MP: 5/5
  2228 | D:3      | Noticed Ijyb
  2246 | D:3      | Killed Ijyb
  2246 | D:3      | Reached skill level 5 in Fighting
  2246 | D:3      | Reached skill level 6 in Axes
  2488 | D:3      | Noticed Purgy
  2500 | D:3      | Killed Purgy
  2500 | D:3      | Reached XP level 6. HP: 35/56 MP: 6/6
  2837 | D:4      | Reached skill level 7 in Axes
  3501 | D:4      | Reached skill level 8 in Axes
  3528 | D:4      | Reached XP level 7. HP: 52/63 MP: 7/7
  3637 | D:4      | Found an iron altar of Okawaru.
  3758 | D:4      | You fall into a shaft and drop 1 floor!
  3758 | D:5      | Entered Level 5 of the Dungeon
  3846 | D:4      | Noticed Edmund
  3868 | D:4      | Killed Edmund
  3946 | D:4      | Found Pippac's Armour Boutique.
  3962 | D:4      | Reached skill level 9 in Axes
  4278 | D:4      | Became a worshipper of Warmaster Okawaru
  4386 | D:5      | Found a staircase to the Ecumenical Temple.
  4402 | D:5      | Reached XP level 8. HP: 49/73 MP: 8/8
  4628 | D:5      | Reached skill level 10 in Axes
  5084 | D:5      | Noticed Grinder
  5086 | D:5      | Noticed Grinder
  5086 | D:5      | Grinder changed into Grinder the quasit
  5088 | D:5      | Killed Grinder the quasit
  5341 | Temple   | Entered the Ecumenical Temple
  5520 | D:6      | HP: 3/73 [orc warrior/+0 hand axe (8)]
  5522 | D:6      | Slain by an orc warrior

Levels and vault maps discovered:
D:1:      sevenhm_arrival_forest_fort_large_4, layout_basic
D:2:      layout_loops_ring
D:3:      layout_loops_corners, first_ration, elyvilon_altar_4, uniq_ijyb,
          uniq_purgy
D:4:      layout_basic, okawaru_trees_2, serial_shops, shop,
          chequers_serial_rivers_small_b, uniq_edmund
D:5:      layout_basic, minmay_temple_entry_slanted, uniq_grinder
D:6:      layout_gridville, trog_hazing_becter
Temple:   compressed_dpeg_circular_temple

Skill      XL: |  1  2  3  4  5  6  7  8 |
---------------+-------------------------+-----
Axes           | 3 4 5 6 8 9 10 | 10.5
Fighting       | 4 5 6 7 |  7.5
Armour         | |  3.2
Shields        | |  3.2

Action                   |  1- 3 |  4- 6 |  7- 9 || total
-------------------------+-------+-------+-------++-------
Melee: War axe           |   152 |   138 |   146 ||   436
       Unarmed           |       |     1 |       ||     1
Throw: Dart              |       |     2 |     6 ||     8
Evoke: Wand              |       |       |     2 ||     2
  Use: Potion            |       |     1 |       ||     1
       Scroll            |       |     8 |     3 ||    11
  Eat: Chunk             |     1 |     1 |     5 ||     7
       Ration            |       |     2 |       ||     2
Armor: Plate armour      |   109 |    63 |    55 ||   227
       Scale mail        |     2 |       |       ||     2
Dodge: Dodged            |    32 |    20 |    16 ||    68
Block: Shield            |    83 |    59 |    49 ||   191
